 Dungeon Crawl Stone Soup version 0.28-a0-1518-gbe868bca14 (webtiles) character file.

Game seed: 5859116638569591160

14 Pin the Insei (level 2, 0/18 HPs)
             Began as an Octopode Transmuter on Jan 17, 2022.
             Slain by a rat (1 damage)
             ... on level 1 of the Dungeon.
             The game lasted 00:01:12 (308 turns).

Pin the Insei (Octopode Transmuter)                  Turns: 308, Time: 00:01:13

Health: 0/18       AC:  1    Str:  9    XL:     2   Next: 45%
Magic:  5/5        EV: 13    Int: 15    God:
Gold:   0          SH:  0    Dex: 12    Spells: 4/5 levels left

rFire   . . .      SeeInvis .     - Unarmed
rCold   . . .      Faith    .   (no shield)
rNeg    . . .      Spirit   .   (helmet restricted)
rPois   .          Reflect  .   (no amulet)
rElec   .          Harm     .   (no ring)
rCorr   .          Rampage  .   (no ring)
Will    .....                   (no ring)
Stlth   ++........              (no ring)
HPRegen 0.06/turn               (no ring)
MPRegen 0.09/turn               (no ring)
                                (no ring)
                                (no ring)

@: no status effects
A: almost no armour, amphibious, 8 rings, camouflage 1, gelatinous body 1,
(nimble swimmer 1), tentacles
a: no special abilities


You were on level 1 of the Dungeon.
You visited 1 branch of the dungeon, and saw 1 of its levels.

Inventory:

Scrolls
 a - a scroll of fear {unknown}
Potions
 b - a potion of curing {unknown}
 c - a potion of haste {unknown}


   Skills:
 + Level 1.4 Fighting
 + Level 2.2 Dodging
 + Level 3.2 Unarmed Combat
 - Level 2.0 Spellcasting
 + Level 2.2 Transmutations


You had 4 spell levels left.
You knew the following spells:

 Your Spells              Type           Power      Damage    Failure   Level
a - Beastly Appendage     Tmut           16%        N/A       9%          1

Your spell library contained the following spells:

 Spells                   Type           Power      Damage    Failure   Level
 Wereblood                Tmut           8%         N/A       13%         2
 Spider Form              Tmut/Pois      4%         N/A       38%         3
 Ice Form                 Ice/Tmut       4%         N/A       80%         4


Dungeon Overview and Level Annotations

Branches:
Dungeon (1/15)

Altars:


Innate Abilities, Weirdness & Mutations

You cannot wear most types of armour.
You are amphibious.
You can wear up to eight rings at the same time.
Your skin changes colour to match your surroundings (Stealth+).
Your rubbery body absorbs attacks. (AC +1, EV +1)
((You are camouflaged when in or above water. (Stealth+)))
You have tentacles for arms and can constrict up to eight enemies at once.


Message History

Found a book of Burglary.
You see here a scroll labelled MEITEZI GORAWN.
A rat comes into view.
The bat misses you.
You closely miss the bat. Your grab misses the bat. The bat barely misses you.
A ball python comes into view.
Found a silvery potion.
Found a stone staircase leading down.
The bat hits you but does no damage.
You barely miss the bat. Your grab misses the bat.
The bat hits you but does no damage.
You closely miss the quokka. Your grab misses the quokka. The quokka bites you.
You tentacle-slap the quokka. You grab the quokka. You squeeze the quokka.
The quokka is moderately wounded.
You constrict the quokka, but do no damage.
The ball python hisses angrily.
The bat hits you. The quokka bites you.
You are too injured to fight recklessly!
You are too injured to fight recklessly!
You are too injured to fight recklessly!
You release your grip on the quokka.
The bat barely misses you. The quokka misses you. The bat misses you.
The rat twitches its whiskers.
The bat misses you. The bat hits you but does no damage. The bat misses you.
The bat closely misses you.
The rat twitches its whiskers.
The quokka bites you.
* * * LOW HITPOINT WARNING * * *
The bat barely misses you.
You are too injured to fight recklessly!
You are too injured to fight recklessly!
You are too injured to fight recklessly!
You are too injured to fight recklessly!
The bat hits you.
* * * LOW HITPOINT WARNING * * *
The quokka closely misses you. The bat misses you. The rat bites you.
You die...

...##...#>......#...#
#......#.......#...#
###.#.....[.......#
###......#......#
##.............#
##...#.......#...
######....#......<#...
...........###)..###...
........#...r.@.......#
........#...brS......$#
........###...###...###
...........#..........
...........#..........#
......................#
...........#.?.........
.........###..........
.........# ##.........


You could see a quokka, a bat, a ball python and a rat.

Vanquished Creatures
  A gnoll (D:1)
  An endoplasm (D:1)
  A hobgoblin (D:1)
  A ball python (D:1)
  A bat (D:1)
5 creatures vanquished.

Notes
Turn   | Place    | Note
-------+----------+-------------------------------------------
     0 | D:1      | Pin the Octopode Transmuter began the quest for the Orb.
     0 | D:1      | Reached XP level 1. HP: 13/13 MP: 3/3
    35 | D:1      | Reached XP level 2. HP: 6/18 MP: 5/5
   308 | D:1      | Slain by a rat

Illustrated notes

Levels and vault maps discovered:
D:1:      minmay_arrival_open_corners, layout_rooms, minmay_split_cup_large

Action                   || total
-------------------------++-------
Melee: Unarmed           ||    20
       Tentacles         ||     6
       Constrict         ||     5
Armor: Skin              ||    10
Dodge: Dodged            ||    21

Table legend: (Time is in decaauts)
 A = Elapsed time spent in this place.
 B = Non-inter-level travel time spent in this place.
 C = Inter-level travel time spent in this place.
 D = Time resting spent in this place.
 E = Time spent auto-exploring this place.
 F = Levels seen in this place.
 G = Mean time per level.
                   A        B        C        D        E       F      G
               +--------+--------+--------+--------+--------+-----+--------+
         Total |    307 |    307 |      0 |    213 |      5 |   1 |  307.0 |
       Dungeon |    307 |    307 |      0 |    213 |      5 |   1 |  307.0 |
               +--------+--------+--------+--------+--------+-----+--------+

Top non-repeatable levels by time:
     D:1: 307 daAuts
